 Dungeon Crawl Stone Soup version 0.21-a0-170-g0398fc9 (webtiles) character file.

10021 Kurtz the Thaumaturge (level 11, -5/48 HPs)
             Began as a Kobold Ice Elementalist on Aug 6, 2017.
             Was a Believer of Vehumet.
             Killed from afar by Harold (31 damage)
             ... with a bolt of fire
             ... on level 10 of the Dungeon.
             The game lasted 00:49:37 (36599 turns).

Kurtz the Thaumaturge (Kobold Ice Elementalist)    Turns: 36599, Time: 00:49:42

Health: -5/48      AC:  8    Str:  7    XL:     11   Next: 85%
Magic:  1/27       EV:  7    Int: 19    God:    Vehumet [**....]
Gold:   109        SH:  0    Dex: 15    Spells: 10/34 levels left

rFire    . . .     SeeInvis +   l - +4 short sword (venom)
rCold    . . .     Gourm    .   (shield restricted)
rNeg     . . .     Faith    .   I - +0 troll leather armour
rPois    .         Spirit   .   m - +1 helmet
rElec    .         Reflect  .   O - +0 cloak
rCorr    .         Harm     .   u - +0 pair of gloves
MR       +....                  (no boots)
Stlth    ++........             (no amulet)
HPRegen  0.56/turn              w - ring of see invisible
MPRegen  0.20/turn              x - ring of protection from magic

@: very slightly contaminated, held
A: iridescent scales 1, blink, carnivore 3, deformed body, frail 1, screaming 2,
no potion heal 1
a: Blink, Renounce Religion


You were on level 10 of the Dungeon.
You worshipped Vehumet.
Vehumet was pleased with you.
You were completely stuffed.

You visited 2 branches of the dungeon, and saw 11 of its levels.
You also visited: Ossuary.

You collected 589 gold pieces.
You spent 480 gold pieces at shops.

Inventory:

Hand Weapons
 b - the +0 spear "Ishavapirhi" {speed, +Rage rC+}
   (You bought it in a shop on level 5 of the Dungeon)

   Attacks with this weapon are significantly faster.
   It protects you from cold.
   It lets you go berserk.
 f - a +0 short sword
 i - a +2 hand axe of freezing
 l - a +4 short sword of venom (weapon)
Missiles
 a - 115 stones (quivered)
 R - 2 throwing nets
Armour
 m - a +1 helmet (worn)
 u - a +0 pair of gloves (worn)
 F - the +1 robe "Myjiah" {+Blink rPois rN+ Int-2}
   (You bought it in a shop on level 6 of the Dungeon)

   It affects your intelligence (-2).
   It protects you from poison.
   It protects you from negative energy.
   It lets you blink.
 I - a +0 troll leather armour (worn)
 K - +0 steam dragon scales
 L - a +0 robe
 O - a +0 cloak (worn)
Jewellery
 t - a +5 ring of strength
 w - a ring of see invisible (left hand)
 x - a ring of protection from magic (right hand)
Wands
 y - a wand of lightning (0/15)
 z - a wand of polymorph (0/24)
 A - a wand of confusion (6/48)
 J - a wand of disintegration (7/24)
Scrolls
 d - 6 scrolls of remove curse
 h - 2 scrolls of immolation
 k - 6 scrolls of teleportation
 o - 3 scrolls of amnesia
 p - 3 scrolls of fear {unknown}
 s - a scroll of enchant armour {unknown}
 v - 3 scrolls of enchant weapon
 C - a scroll of recharging
 E - 2 scrolls of random uselessness {unknown}
 H - 2 scrolls of blinking
 M - a scroll of fog {unknown}
 Q - a scroll of identify
Potions
 e - 6 potions of resistance
 g - 5 potions of curing
 n - 3 potions of might
 q - 5 potions of cancellation
 r - 6 potions of heal wounds
 B - a potion of ambrosia
 D - 2 potions of berserk rage
 P - a potion of flight
Books
 N - a book of Power

   Spells                             Type                      Level
   a - Iskenderun's Battlesphere      Conjuration/Charms           5
   b - Venom Bolt                     Conjuration/Poison           5
   c - Bolt of Magma                  Conjuration/Fire/Earth       5
   d - Iron Shot                      Conjuration/Earth            6
   e - Orb of Destruction             Conjuration                  7
   f - Spellforged Servitor           Conjuration/Summoning        7
Comestibles
 c - 7 meat rations
 j - 7 royal jellies
 G - a chunk of flesh


   Skills:
 - Level 2.4 Dodging
 - Level 2.6 Stealth
 * Level 12.0 Spellcasting
 * Level 7.5 Conjurations
 * Level 11.2 Ice Magic


You had 10 spell levels left.
You knew the following spells:

 Your Spells              Type           Power        Failure   Level  Hunger
a - Freeze                Ice            ####         1%          1    None
b - Throw Frost           Conj/Ice       #####.       1%          2    None
c - Ozocubu's Armour      Chrm/Ice       ####....     2%          3    None
d - Throw Icicle          Conj/Ice       #####...     1%          4    ##.....
e - Summon Ice Beast      Ice/Summ       ####....     9%          4    ##.....
f - Searing Ray           Conj           #####.       1%          2    None
g - Iskenderun's Battles  Conj/Chrm      ####....     47%         5    ####...
h - Conjure Flame         Conj/Fire      ####....     6%          3    None


Dungeon Overview and Level Annotations

Branches:
Dungeon (10/15)            Temple (1/1) D:5
   Lair: D:8-11         Orc: D:9-12

Altars:
Ashenzari
Cheibriados
Dithmenos
Elyvilon
Fedhas
Gozag
Hepliaklqana
Kikubaaqudgha
Makhleb
Nemelex Xobeh
Okawaru
Qazlal
Ru
Sif Muna
Trog
Uskayaw
Vehumet
Wu Jian
Xom
Yredelemnul
Zin
The Shining One

Shops:
D:5 (   D:6 [}!}

Annotations:
D:1 burned-wolf spider
D:2 elfmage, exclusion: upstairs
D:3 exclusion: upstairs
D:4 exclusion: upstairs
D:10 Harold


Innate Abilities, Weirdness & Mutations

You are small and have problems with some larger weapons.
You are carnivorous and can eat meat at any time.
You are partially covered in iridescent scales. (AC +2)
You can translocate small distances at will.
Armour fits poorly on your strangely shaped body.
You are frail. (-10% HP)
You sometimes yell uncontrollably at your foes.
Potions are less effective at restoring your health.


Message History

Harold gestures wildly while chanting.
Harold blinks!
Unknown command.
Casting: Throw Icicle
Confirm with . or Enter, or press ? or * to list all spells.
Aiming: Freeze
Press: ? - help, Shift-Dir - straight line, f - adder, p - Harold
Aim: an adder (severely wounded, slow)
You freeze the adder.
You kill the adder!
Vehumet accepts your kill.
You feel your power returning.
Unknown command.
Your system partially rejects the healing.
You feel better.
Harold points at you and mumbles some strange words.
The bolt of fire hits you!
Your icy armour melts away.
Ouch! That really hurt!
You die...

####################
#..................#
#...............#####
#....................
#....................
#....................
#....................
####.................
#@.........#######
#†§Y.......# ###
#..........# #[.
#....@.....# #.#
#..........# #.#
...........# #.#
............###.###
..................
.......(###....


You could see Harold and a friendly ice beast.

Vanquished Creatures
  A hydra (D:8)
  A two-headed ogre (D:7)
  Pikel (D:7)
  A deep elf mage (D:2)
  2 orc sorcerers (D:3)
  Maurice (D:8)
  A troll (D:10)
  A dream sheep (D:8)
  4 yaks
  A steam dragon (D:7)
  Edmund (D:6)
  Menkaure (D:7)
  4 orc warriors
  4 sky beasts
  2 slaves
  2 ice beasts
  2 black bears (D:8)
  10 ogres
  A phantom (D:8)
  4 centaurs
  A big kobold (D:8)
  9 bullfrogs
  A water moccasin skeleton (D:7)
  6 scorpions
  4 wights
  3 crimson imps
  2 bullfrog zombies
  A centaur zombie (D:9)
  A quasit (D:6)
  4 hounds
  3 jellies
  A bullfrog skeleton (D:7)
  3 centaur skeletons
  3 orc wizards
  4 worker ants
  3 big kobold zombies (Ossuary)
  A hound skeleton (D:4)
  A mummy (Ossuary)
  A howler monkey skeleton (D:7)
  11 gnolls
  11 adders
  2 shadow imps
  An ooze (D:2)
  An adder skeleton (D:6)
  A worm (D:5)
  8 dart slugs
  7 leopard geckos
  23 orcs
  13 bats
  6 giant cockroaches
  8 goblins
  9 hobgoblins
  10 jackals
  8 quokkas
  4 ball pythons
  9 frilled lizards
  2 goblin zombies
  4 hobgoblin zombies (Ossuary)
  A jackal zombie (Ossuary)
  16 kobolds
  A kobold zombie (Ossuary)
  An orc zombie (Ossuary)
  A quokka skeleton (D:4)
  A quokka zombie (D:4)
  9 rats
  A rat zombie (Ossuary)
266 creatures vanquished.

Vanquished Creatures (collateral kills)
  A dream sheep (D:8)
  A hippogriff (D:7)
  A yak (D:9)
  A steam dragon (D:5)
  An orc warrior (D:8)
  A black bear (D:6)
  3 big kobolds (D:8)
  2 bullfrogs
  A scorpion (D:6)
  A wight (D:6)
  An orc wizard (D:6)
  A worker ant (D:6)
  3 mummies (Ossuary)
  A worker ant zombie (D:6)
  4 orcs
  A kobold (D:8)
24 creatures vanquished.

Vanquished Creatures (others)
  A slave (D:8)
  A fungus (D:5)
2 creatures vanquished.

Grand Total: 292 creatures vanquished

Notes
Turn   | Place    | Note
-------+----------+-------------------------------------------
     0 | D:1      | Kurtz the Kobold Ice Elementalist began the quest for the Orb.
     0 | D:1      | Reached XP level 1. HP: 10/10 MP: 3/3
   111 | D:1      | Reached XP level 2. HP: 15/15 MP: 1/5
   477 | D:1      | Learned a level 2 spell: Throw Frost
  1440 | D:1      | Reached skill level 3 in Spellcasting
  1440 | D:1      | Reached XP level 3. HP: 19/19 MP: 0/7
  3398 | D:1      | Reached XP level 4. HP: 24/24 MP: 1/9
  4464 | D:2      | Learned a level 3 spell: Ozocubu's Armour
  4469 | D:2      | Learned a level 4 spell: Throw Icicle
  4540 | D:2      | Reached XP level 5. HP: 28/28 MP: 2/10
  5538 | D:1      | Reached skill level 4 in Spellcasting
  9091 | D:3      | Reached XP level 6. HP: 30/32 MP: 3/12
  9230 | D:3      | Found a deep blue altar of Sif Muna.
 12324 | D:4      | Found an iron altar of Okawaru.
 12334 | D:4      | Found a sand-covered staircase.
 12341 | Ossuary  | Entered an ossuary
 12610 | Ossuary  | Learned a level 4 spell: Summon Ice Beast
 12664 | Ossuary  | Reached skill level 5 in Ice Magic
 13161 | D:4      | Reached XP level 7. HP: 24/36 MP: 0/14
 13662 | D:4      | Found a bloodstained altar of Trog.
 13798 | D:4      | Reached skill level 5 in Spellcasting
 14029 | D:4      | Found a sacrificial altar of Ru.
 14357 | D:1      | Noticed a wolf spider
 17765 | D:2      | Noticed a deep elf mage
 21848 | D:5      | Entered Level 5 of the Dungeon
 21855 | D:5      | Found Jupufil's Antique Weapon Shoppe.
 21867 | D:5      | Reached XP level 8. HP: 41/41 MP: 4/16
 21868 | D:5      | Bought a brightly glowing spear for 232 gold pieces
 21868 | D:5      | Identified the cursed +0 spear "Ishavapirhi" {speed, +Rage rC+} (You bought it in a shop on level 5 of the Dungeon)
 22023 | D:5      | Found a staircase to the Ecumenical Temple.
 22131 | D:5      | Reached skill level 6 in Spellcasting
 22440 | Temple   | Entered the Ecumenical Temple
 22548 | D:6      | Found Sair's Gadget Emporium.
 22570 | D:6      | Found Ixti's Distillery.
 22573 | D:6      | Bought a potion of heal wounds for 70 gold pieces
 22664 | D:6      | Found a radiant altar of Vehumet.
 22670 | D:6      | Became a worshipper of Vehumet
 22714 | D:6      | Gained mutation: You can translocate small distances at will. [mutagenic meat]
 22715 | D:6      | Gained mutation: You occasionally shout uncontrollably at your foes. [mutagenic meat]
 22716 | D:6      | Gained mutation: You are agile. (Dex +2) [mutagenic meat]
 22717 | D:6      | Gained mutation: You are partially covered in iridescent scales. (AC +2) [mutagenic meat]
 22776 | D:6      | Found Urithrod's Gadget Emporium.
 22947 | D:6      | Found Xegylo's Antique Armour Emporium.
 23035 | D:6      | Noticed Edmund
 23108 | D:6      | Reached skill level 7 in Spellcasting
 23127 | D:6      | Killed Edmund
 23127 | D:6      | Reached XP level 9. HP: 21/45 MP: 1/19
 23132 | D:6      | Gained mutation: Armour fits poorly on your strangely shaped body. [mutagenic meat]
 24614 | D:2      | Killed a deep elf mage
 24614 | D:2      | Reached skill level 8 in Spellcasting
 24840 | D:5      | Reached * piety under Vehumet
 24840 | D:5      | Offered knowledge of Shock by Vehumet.
 25279 | D:6      | Bought a colourful robe for 108 gold pieces
 25289 | D:6      | Identified the +1 robe "Myjiah" {+Blink rPois rN+ Int-2} (You bought it in a shop on level 6 of the Dungeon)
 26798 | D:7      | Found a hide-covered altar of Uskayaw.
 26821 | D:7      | Noticed a hippogriff
 26825 | D:7      | Noticed Menkaure
 26840 | D:7      | Killed Menkaure
 26840 | D:7      | Reached skill level 5 in Conjurations
 26840 | D:7      | Reached XP level 10. HP: 50/50 MP: 9/22
 26847 | D:7      | Reached skill level 9 in Spellcasting
 27299 | D:8      | Noticed Pikel
 27308 | D:8      | Noticed a two-headed ogre
 27499 | D:7      | Killed Pikel
 27626 | D:7      | Killed a two-headed ogre
 27626 | D:7      | Reached skill level 10 in Spellcasting
 27892 | D:6      | Bought a runed robe for 70 gold pieces
 27980 | D:8      | Noticed an angel
 28340 | D:8      | Offered knowledge of Searing Ray by Vehumet.
 28350 | D:8      | Learned a level 2 spell: Searing Ray
 28471 | D:8      | Reached ** piety under Vehumet
 28561 | D:8      | Found a shadowy altar of Dithmenos.
 28598 | D:8      | Found a glowing silver altar of Zin.
 28606 | D:8      | Noticed Maurice
 28614 | D:8      | Learned a level 5 spell: Iskenderun's Battlesphere
 28624 | D:8      | Killed Maurice
 28624 | D:8      | Reached skill level 10 in Ice Magic
 28801 | D:8      | Reached XP level 11. HP: 54/54 MP: 8/25
 30590 | D:3      | Noticed an orc sorcerer
 30592 | D:3      | Noticed an orc sorcerer
 30862 | D:3      | Noticed an orc warlord
 30901 | D:3      | Killed an orc sorcerer
 30901 | D:3      | Reached skill level 11 in Spellcasting
 31126 | D:3      | Noticed a soul eater
 31590 | D:3      | Noticed a soul eater
 31876 | D:3      | Killed an orc sorcerer
 34189 | D:8      | Noticed a two-headed hydra
 34478 | D:8      | Killed a two-headed hydra
 35274 | D:9      | Gained mutation: You sometimes yell uncontrollably at your foes. [mutagenic meat]
 35275 | D:9      | Lost mutation: You are agile. (Dex +2) [mutagenic meat]
 35276 | D:9      | Gained mutation: You are frail. (-10% HP) [mutagenic meat]
 35278 | D:9      | Gained mutation: Potions are less effective at restoring your health. [mutagenic meat]
 36126 | D:9      | Offered knowledge of Conjure Flame by Vehumet.
 36126 | D:9      | Reached skill level 12 in Spellcasting
 36135 | D:9      | Learned a level 3 spell: Conjure Flame
 36278 | D:10     | Entered Level 10 of the Dungeon
 36576 | D:10     | Noticed Harold
 36599 | D:10     | Killed from afar by Harold

Vault maps used:
D:1:      erik_arrival_triangle_small
D:2:      first_bread
D:3:      lemuel_blue_sif_altar
D:4:      old_standard_altar, kennysheep_mini, nicolae_ru_awakened_eye,
          enter_ossuary_4, bh_walls_and_bars
D:5:      kennysheep_steamy, temple_doors_e, serial_shops, shop
D:6:      vehumet_crystals, serial_shops, shop, nicolae_shop_behind_doors,
          nicolae_shop_stone, nicolae_shop_overgrown_old_shop, uniq_edmund
D:7:      lemuel_round_altar, uniq_menkaure
D:8:      zin_angel, hangedman_ranch, nicolae_dithmenos_shadow_blocks,
          uniq_maurice, uniq_pikel
D:10:     serial_shops, nicolae_shop_behind_doors, hangedman_decor_push,
          uniq_harold
Temple:   eino_wide_crystal_templ
Ossuary:  ossuary_minmay_tomb_2a

Skill      XL: |  1  2  3  4  5  6  7  8  9 10 11 |
---------------+----------------------------------+-----
Spellcasting   | 3 4 5 7 8 10 12 | 12.0
Ice Magic      | 4 5 6 7 8 10 11 | 11.2
Conjurations   | 2 3 5 6 7 |  7.5
Dodging        | |  2.4
Stealth        | |  2.6

Action                   |  1- 3 |  4- 6 |  7- 9 | 10-12 || total
-------------------------+-------+-------+-------+-------++-------
Melee: Hand axe          |     3 |    62 |    13 |       ||    78
       Spear             |       |       |   175 |     3 ||   178
       Dagger            |       |       |       |    26 ||    26
       Short sword       |       |       |       |    31 ||    31
 Cast: Freeze            |    17 |    33 |    73 |    36 ||   159
       Throw Frost       |    17 |    86 |    75 |    53 ||   231
       Ozocubu's Armour  |       |     6 |    19 |     7 ||    32
       Summon Ice Beast  |       |     4 |    20 |    24 ||    48
       Throw Icicle      |       |     1 |    40 |   137 ||   178
       Iskenderun's Batt |       |       |       |     5 ||     5
 Abil: Evoke Berserk Rag |       |       |     5 |       ||     5
       Blink             |       |       |     4 |    28 ||    32
Evoke: Wand              |       |       |     4 |    13 ||    17
  Use: Scroll            |       |     5 |       |     9 ||    14
       Potion            |       |     1 |     1 |     5 ||     7
 Stab: Sleeping          |       |     1 |       |       ||     1
       Distracted        |       |       |     1 |       ||     1
  Eat: Chunk             |    10 |    26 |    61 |    53 ||   150
       Royal jelly       |       |     3 |     1 |       ||     4
Armor: Robe              |     1 |    58 |    73 |     2 ||   134
       Steam dragon scal |       |       |       |    29 ||    29
       Skin              |       |       |       |     7 ||     7
       Troll leather arm |       |       |       |     2 ||     2
Dodge: Dodged            |    13 |   118 |   198 |    99 ||   428
